cohdb
Replays
Latest Replays
All Replays
Popular Replays
Top Player Replays
Match Explorer
How It Works
Community
CoH3 Stats
Reddit
Sign in to upload your games and track your stats! →
Sign in with Steam
Match 45436556
Unlisted
Match 45436556
Overview
Messages
Build Orders
End
Construct Weapon Support Center
Selects Special Operations Battlegroup
M1919 Machine Gun Team
Bazooka Squad
Engineer Squad
M1919 Machine Gun Team
Selects M29 Weasel with M1 Pack Howitzer
M29 Weasel with M1 Pack Howitzer
Mechanized Support Center
Construct Medical Station
Selects Raiding Flares
Bazooka Squad
Construct Tank Depot
Selects SSF Commando Squad
SSF Commando Squad
M4A1 Sherman Medium Tank
M4A1 76mm Conversion
SSF Commando Squad
Selects Mark Vehicle
Selects UNKNOWN (2162291)
Raiding Flares
M4A1(76) Sherman Medium Tank
Hawk
MC
Herr Blautier
EPHX_Valkyrion
0
0
Comments
sign in to comment!
No comments posted yet!